 Dungeon Crawl Stone Soup version 0.31-a0-691-g409c26aa35 (webtiles) character file.

Game seed: 1508972556166241188

505 gruber the Destroyer (level 7, -3/41 HPs)
             Began as an Octopode Conjurer on Sept 6, 2023.
             Succumbed to a kobold brigand's curare-tipped dart
             ... in a sewer.
             The game lasted 00:04:51 (5059 turns).

gruber the Destroyer (Octopode Conjurer)            Turns: 5059, Time: 00:04:52

Health: -3/41      AC:  1    Str:  7    XL:     7   Next: 18%
Magic:  4/11       EV: 13    Int: 22    God:
Gold:   233        SH:  0    Dex: 10    Spells: 9/12 levels left

rFire   . . .        l - +2 dagger (venom)
rCold   + . .        (no shield)
rNeg    . . .        (helmet restricted)
rPois   .            (no amulet)
rElec   .            o - ring of protection from cold
rCorr   .            (no ring)
SInv    .            (no ring)
Will    .....        (no ring)
Stlth   ++++         (no ring)
HPRegen 0.26/turn    (no ring)
MPRegen 0.12/turn    (no ring)
                     (no ring)

%: no passive effects
@: lethally poisoned (-3 -> -12), slowed, very slow
A: almost no armour, amphibious, 8 rings, camouflage 1, gelatinous body 1,
nimble swimmer 1, tentacles, tentacle spike 2, wild magic 1
a: no special abilities


You were in a sewer.
You visited 1 branch of the dungeon, and saw 4 of its levels.
You also visited: Sewer.

You collected 233 gold pieces.

Inventory:

Hand Weapons
 l - a +2 dagger of venom (weapon)
Jewellery
 i - a ring of fire
 o - a ring of protection from cold (left tentacle)
Scrolls
 b - a scroll of teleportation {unknown}
 d - a scroll of amnesia {unknown}
 f - a scroll of summoning {unknown}
 k - 2 scrolls of immolation {unknown}
 m - 2 scrolls of identify {unknown}
 n - 2 scrolls of revelation {unknown}
 r - a scroll of fear {unknown}
Potions
 a - 3 potions of magic
 c - a potion of enlightenment {unknown}
 e - a potion of ambrosia {unknown}
 g - a potion of might {unknown}
 h - a potion of resistance {unknown}
 j - a potion of lignification {unknown}
 p - a potion of attraction {unknown}
 q - a potion of mutation


   Skills:
 - Level 2.0 Dodging
 - Level 2.6 Stealth
 * Level 3.0 Spellcasting
 - Level 8.0 Conjurations


You had 9 spell levels left.
You knew the following spells:

 Your Spells              Type           Power      Damage    Failure   Level
a - Magic Dart            Conj           100%       1d8       1%          1
b - Searing Ray           Conj           100%       2d8       1%          2

Your spell library contained the following spells:

 Spells                   Type           Power      Damage    Failure   Level
 Foxfire                  Conj/Fire      100%       2x1d9     4%          1
 Dazzling Flash           Conj/Hex       54%        N/A       11%         3
 Fulminant Prism          Conj/Hex       13%        3d8       32%         4
 Iskenderun's Mystic Bla  Conj/Tloc      27%        2d7       32%         4
 Alistair's Intoxication  Tmut/Pois      2%         N/A       99%         5
 Borgnjor's Vile Clutch   Necr/Erth      2%         N/A       99%         5
 Starburst                Conj/Fire      13%        6d6       99%         6
 Eringya's Noxious Bog    Tmut/Pois      2%         4d6       100%        6
 Plasma Beam              Fire/Air       2%         2x1d12    100%        6
 Malign Gateway           Summ/Tloc      2%         N/A       100%        7
 Summon Horrible Things   Summ           2%         N/A       100%        8


Dungeon Overview and Level Annotations

Branches:
Dungeon (4/15)              Sewer (1/1)
 Temple: D:4-7

Altars:
Cheibriados

Shops:
D:2 [

Annotations:
D:4 Duvessa


Innate Abilities, Weirdness & Mutations

You cannot wear most types of armour.
You are amphibious.
You can wear up to eight rings at the same time.
Your skin changes colour to match your surroundings (Stealth+).
Your rubbery body absorbs attacks. (AC +1, EV +1)
You are camouflaged when in or above water. (Stealth+)
You have tentacles for arms and can constrict up to eight enemies at once.
One of your tentacles bears a nasty spike.
Your spells are a little harder to cast, but a little more powerful.


Message History

The searing ray misses the kobold brigand.
You feel yourself speed up.
The searing ray hits the kobold brigand but does no damage.
The kobold brigand is heavily wounded.
The kobold brigand throws a curare-tipped dart.
The curare-tipped dart hits you.
You are poisoned.
You have difficulty breathing.
You feel yourself slow down.
The searing ray hits the kobold brigand!
The kobold brigand is severely wounded.
You finish channelling your searing ray.
You feel very sick.
The endoplasm quivers.
The kobold brigand throws a curare-tipped dart.
The curare-tipped dart hits you.
You are lethally poisoned!
You have difficulty breathing.
* * * LOW HITPOINT WARNING * * *
You feel as though you will be slow longer.
Unknown command.
Casting: Searing Ray (safe; 1% risk of failure)
Confirm with . or Enter, or press ? or * to list all spells.
Aiming: Searing Ray (safe; 1% risk of failure)
Press: ? - help, Shift-Dir - straight line, f/p - kobold brigand
Aim: a kobold brigand, wielding a +0 short sword and quivering curare-tipped darts (severely wounded, 76% to hit)
The searing ray misses the kobold brigand. (Press . to maintain the ray.)
* * * LOW HITPOINT WARNING * * *
You feel very sick.
Unknown command.
The searing ray hits the kobold brigand.
The kobold brigand is almost dead.
* * * LOW HITPOINT WARNING * * *
You feel very sick.
The kobold brigand throws a curare-tipped dart.
The curare-tipped dart closely misses you.
It was a potion of mutation.
You feel extremely strange.
One of your lower tentacles grows a sharp spike.
You feel less in control of your magic.
Your tentacle spike grows bigger.
You die...

.~##.~.. ~..~~..#
....~~## .~~.~~#
~~~~.~# ....~~#
~.~...## #######
~~~~..~## #####~~~~)#
~~##.~..####~~K~@#####
~####.~..~~~J###~~~~)#
.## #..~~~~~.# #######
~.####~~..~~~###~~~~K
~.~~########.~~~~#
~.~~.# #####.~~J.
#~~.~# ### ##.~.#
#.~~#


You could see a kobold brigand and an endoplasm.

Vanquished Creatures
  An ogre (D:2)
  A kobold brigand (Sewer)
  A hound (D:3)
  Crazy Yiuf (D:2)
  An iron imp (D:3)
  Natasha (thrice) (D:2)
  8 adders
  2 river rats (Sewer)
  3 worms
  2 orcs (D:3)
  9 ball pythons
  6 endoplasms
  3 giant cockroaches
  6 goblins
  6 hobgoblins
  14 kobolds
  11 quokkas
  7 bats
  2 frilled lizards
  10 rats
97 creatures vanquished.

Notes
Turn   | Place    | Note
-------+----------+-------------------------------------------
     0 | D:1      | gruber the Octopode Conjurer began the quest for the Orb.
     0 | D:1      | Reached XP level 1. HP: 11/11 MP: 3/3
   229 | D:1      | Reached XP level 2. HP: 17/17 MP: 0/5
  1182 | D:2      | Reached XP level 3. HP: 21/21 MP: 3/6
  1211 | D:2      | Noticed an ogre
  1233 | D:1      | Learned a level 2 spell: Searing Ray
  1349 | D:2      | Reached skill level 5 in Conjurations
  1522 | D:2      | Found Vayneu's Armour Shoppe.
  1555 | D:2      | Noticed Natasha
  1559 | D:2      | Killed Natasha
  1560 | D:2      | Reached XP level 4. HP: 27/27 MP: 1/7
  1621 | D:2      | Noticed Natasha
  1629 | D:2      | Killed Natasha
  1680 | D:2      | Killed an ogre
  1681 | D:2      | Reached skill level 6 in Conjurations
  1681 | D:2      | Reached XP level 5. HP: 31/31 MP: 2/8
  1873 | D:2      | Noticed Natasha
  1876 | D:2      | Killed Natasha
  1932 | D:2      | Found a runed translucent door.
  1933 | D:2      | Noticed Crazy Yiuf
  2242 | D:2      | Reached skill level 7 in Conjurations
  2373 | D:2      | Killed Crazy Yiuf
  2374 | D:2      | Reached XP level 6. HP: 36/36 MP: 1/9
  2544 | D:3      | Found a snail-covered altar of Cheibriados.
  4078 | D:4      | Noticed Duvessa
  4108 | D:4      | Found a glowing drain.
  4126 | Sewer    | Entered a sewer
  4526 | Sewer    | Reached skill level 8 in Conjurations
  4680 | Sewer    | Reached XP level 7. HP: 17/41 MP: 0/11
  5058 | Sewer    | HP: 1/41 [poisoned by a kobold brigand (curare-tipped
                  | dart)]
  5059 | Sewer    | Gained mutation: One of your tentacles bears a spike.
                  | [potion of mutation]
  5059 | Sewer    | Gained mutation: Your spells are a little harder to cast,
                  | but a little more powerful. [potion of mutation]
  5059 | Sewer    | Gained mutation: One of your tentacles bears a nasty spike.
                  | [potion of mutation]
  5059 | Sewer    | Succumbed to a kobold brigand's curare-tipped dart

Illustrated notes

Levels and vault maps discovered:
D:1:      wander_arrival_peaceful_grave, layout_basic
D:2:      layout_basic, serial_shops, nicolae_shop_stone,
          hangedman_decor_slide_cut, corexii_corridor_pit,
          minmay_misc_feat_ornament, kennysheep_donut, minmay_quantized,
          uniq_natasha, uniq_crazy_yiuf_cottage
D:3:      layout_basic, chei_slow_surprise, grunt_ministairs_9
D:4:      layout_loops_ring, mainiacjoe_overflow_concentric_impassable,
          nicolae_overflow_hidden_temple, zin_angel, biasface_ghost_orc_armoury,
          gup_sewer_entry_pipe, uniq_duvessa
Sewer:    sewer_co_tree

Skill      XL: |  1  2  3  4  5  6 |
---------------+-------------------+-----
Conjurations   | 5 6 7 8 |  8.0
Spellcasting   | 3 |  3.0
Dodging        | |  2.0
Stealth        | |  2.6

Action                     |  1- 3 |  4- 6 |  7- 9 || total
---------------------------+-------+-------+-------++-------
  Melee: Unarmed           |    11 |       |       ||    11
         Constrict         |     3 |     2 |       ||     5
         Tentacles         |     2 |     2 |       ||     4
         Dagger            |       |    11 |       ||    11
   Cast: Magic Dart        |    38 |   129 |    15 ||   182
         Searing Ray       |     1 |     8 |     2 ||    11
    Use: Potion            |       |       |     1 ||     1
   Stab: Sleeping          |     1 |       |       ||     1
 Armour: Skin              |     6 |    11 |       ||    17
  Dodge: Dodged            |     7 |     6 |     2 ||    15

Table legend: (Time is in decaauts)
 A = Elapsed time spent in this place.
 B = Non-inter-level travel time spent in this place.
 C = Inter-level travel time spent in this place.
 D = Time resting spent in this place.
 E = Time spent auto-exploring this place.
 F = Levels seen in this place.
 G = Mean time per level.
                   A        B        C        D        E       F      G
               +--------+--------+--------+--------+--------+-----+--------+
         Total |   5072 |   4932 |    140 |     98 |   4371 |   5 | 1014.4 |
       Dungeon |   4132 |   3992 |    140 |      5 |   3624 |   4 | 1033.0 |
         Sewer |    940 |    940 |      0 |     93 |    747 |   1 |  940.0 |
               +--------+--------+--------+--------+--------+-----+--------+

Top non-repeatable levels by time:
     D:2: 1326 daAuts
     D:3: 1275 daAuts
     D:1: 1186 daAuts
   Sewer: 940 daAuts
     D:4: 344 daAuts
